Map: Galactic Process LE

Players

CreeperKing - Winner!

  • Race: Protoss Protoss
  • League: Platinum

Nickos

  • Race: Terran Terran
  • League: Gold

VOD

Have the link to the VOD?

Description

Time

  • Played on: Oct. 1, 2016, 6:09 p.m.
  • Length: 5:19
Show
View Real Time Build Order
Export as new Build Order

CreeperKing Protoss - Winner!

Build Orders:  

Get SALT Encoding   

  12  0:01  Probe (Chrono Boost)  
  13  0:11  Probe (Chrono Boost)  
  14  0:18  Pylon  
  14  0:22  Probe (Chrono Boost)  
  15  0:36  Probe (Chrono Boost)  
  15  0:39  Gateway  
  16  0:45  Assimilator  
  16  0:47  Probe (Chrono Boost)  
  17  0:58  Probe (Chrono Boost)  
  18  1:09  Probe (Chrono Boost)  
  18  1:10  Gateway  
  19  1:19  Probe (Chrono Boost)  
  20  1:30  Cybernetics Core  
  20  1:31  Probe (Chrono Boost)  
  20  1:42  Probe (Chrono Boost)  
  20  1:43  Pylon  
  23  1:56  Warp Gate  
  23  1:58  Assimilator  
  24  2:01  Probe (Chrono Boost)  
  24  2:07  Adept  
  24  2:09  Adept  
  26  2:28  Probe (Chrono Boost)  
  27  2:39  Gateway  
  27  2:47  Stalker  
  27  2:48  Stalker  
  31  3:06  Probe (Chrono Boost)  
  31  3:12  Pylon  
  31  3:31  Probe (Chrono Boost)  
  32  3:44  Probe (Chrono Boost)  
  31  3:50  Gateway  
  29  3:57  Pylon  
  29  3:59  Mothership Core (Chrono Boost)  
  31  4:10  Adept x3  
  37  4:22  Probe (Chrono Boost)  
  34  4:33  Gateway, Stalker x3  
  40  4:48  Stalker  
  40  4:50  Pylon  
  40  5:09  Stalker x3  
  46  5:16  Pylon  
Show
View Real Time Build Order
Export as new Build Order

Nickos Terran 

Build Orders: Reaper Expand 

Get SALT Encoding   

  12  0:01  SCV  
  13  0:13  SCV  
  14  0:19  Supply Depot  
  14  0:25  SCV  
  15  0:41  SCV  
  15  0:42  Barracks  
  16  0:46  Refinery  
  16  0:53  SCV  
  17  1:08  SCV  
  18  1:20  SCV  
  19  1:36  Reaper  
  19  1:37  Orbital Command  
  20  1:44  Command Center  
  20  1:59  Barracks  
  20  2:07  Supply Depot  
  20  2:09  SCV  
  20  2:13  Barracks Reactor  
  21  2:28  SCV  
  22  2:32  Factory  
  22  2:34  Refinery  
  21  2:40  SCV  
  22  2:52  SCV  
  23  3:07  Orbital Command, SCV  
  23  3:21  Marine x3  
  25  3:28  Starport  
  25  3:40  Marine x3  
  22  3:50  SCV  
  22  3:51  SCV  
  24  3:58  Marine x2  
  24  4:02  Barracks Tech Lab  
  24  4:20  SCV x2  
  24  4:23  Factory Reactor  
  26  4:25  Starport Reactor  
  26  4:26  Factory Tech Lab  
  26  4:27  Marine x3  
  29  4:32  SCV x2  
  31  4:44  Marine  
  32  4:46  Marine x2  
  32  4:47  SCV x2  
  32  4:52  Bunker  
  36  4:58  Engineering Bay  
  36  4:59  Engineering Bay, SCV x2  
Tags
 
Add a new tag
Caveats
  • Supply blocks, unpowered buildings, or Contaminate may cause inaccurate times.
  • Supply counts are checked every 10 seconds.